 Dungeon Crawl Stone Soup version 0.31-a0-818-ge7c7cf74f0 (webtiles) character file.

Game seed: 887239501953257390

9 Essalna the Grave Robber (level 2, 19/19 HPs)
             Began as a Demonspawn Necromancer on Sept 23, 2023.
             Got out of the dungeon alive.
             The game lasted 00:00:34 (126 turns).

Essalna the Grave Robber (Demonspawn Necromancer)    Turns: 126, Time: 00:00:34

Health: 19/19      AC:  2    Str:  8    XL:     2   Next: 3%
Magic:  3/5        EV: 12    Int: 16    God:
Gold:   10         SH:  0    Dex: 13    Spells: 4/5 levels left

rFire   . . .        c - +0 dagger
rCold   . . .        (no shield)
rNeg    . . .        a - +0 robe
rPois   .            (no helmet)
rElec   .            (no cloak)
rCorr   .            (no gloves)
SInv    .            (no boots)
Will    .....        (no amulet)
Stlth   ++           (no ring)
HPRegen 0.23/turn    (no ring)
MPRegen 0.09/turn

%: no passive effects
@: no status effects
A: weakness stinger 1
a: no special abilities


You escaped.
You visited 1 branch of the dungeon, and saw 1 of its levels.

You collected 10 gold pieces.

Inventory:

Hand Weapons
 c - a +0 dagger (weapon)
Armour
 a - a +0 robe (worn)
Jewellery
 f - a ring of poison resistance
Potions
 b - a potion of magic
 d - a potion of resistance {unknown}
 e - a potion of ambrosia {unknown}


   Skills:
 - Level 1.7 Dodging
 - Level 1.7 Stealth
 + Level 2.3 Spellcasting
 + Level 4.6 Necromancy


You had 4 spell levels left.
You knew the following spells:

 Your Spells              Type           Power      Damage    Failure   Level
a - Necrotise             Necr           64%        1d7       3%          1

Your spell library contained the following spells:

 Spells                   Type           Power      Damage    Failure   Level
 Vampiric Draining        Necr           16%        2d7       9%          3
 Animate Dead             Necr           16%        N/A       28%         4
 Agony                    Necr           16%        N/A       63%         5


Dungeon Overview and Level Annotations

Branches:
Dungeon (1/15)

Altars:


Innate Abilities, Weirdness & Mutations

You have a small tail.


Message History

Okay, then.
Hit: c) +0 dagger
Press: ? - help, Dir - move target, f - you
Okay, then.
Your frilled lizard skeleton crumbles into dust!
HP restored.
d - a blue potion
Things that are here:
a ball python corpse; a rat corpse
e - a fuming amethyst potion
Found a short sword.
f - a ring of poison resistance A hobgoblin and an endoplasm come into view.
Found 17 gold pieces.
The endoplasm quivers.
There are monsters nearby!
The endoplasm writhes in agony.
The hobgoblin shouts!
The endoplasm hits you.
The endoplasm writhes in agony.
You kill the endoplasm!
An endoplasm comes into view.
The hobgoblin writhes in agony!
You kill the hobgoblin!
The dead are walking!
The endoplasm hits your hobgoblin skeleton.
You are out of magic!
You are out of magic!
The endoplasm hits your hobgoblin skeleton.
Found a stone staircase leading down.
Your hobgoblin skeleton hits the endoplasm.
The endoplasm hits your hobgoblin skeleton.
Your hobgoblin skeleton barely misses the endoplasm.
Your hobgoblin skeleton hits the endoplasm.
The endoplasm dies!
You have reached level 2!
Your demonic ancestry asserts itself...
You grow a small tail.
There is a staircase leading out of the dungeon here.
You have escaped!

###......##$
#.).........
#........#....
###......#....
#...........
#..####....# ##.#
....# #### ###.##
#....
#@.###>#..####....
##..#..#.......†..
##...###.....##..#
#.#..###..........
#.....##....#...##
#....#.#Z.....###
###...##.(..#.#
#.....#....#.#
##...##....#.#


There were no monsters in sight!

Vanquished Creatures
  A bat (D:1)
  An endoplasm (D:1)
  A hobgoblin (D:1)
  A ball python (D:1)
  A frilled lizard (D:1)
  A rat (D:1)
6 creatures vanquished.

Vanquished Creatures (collateral kills)
  2 endoplasms (D:1)
2 creatures vanquished.

Grand Total: 8 creatures vanquished

Notes
Turn   | Place    | Note
-------+----------+-------------------------------------------
     0 | D:1      | Essalna the Demonspawn Necromancer began the quest for the
                  | Orb.
     0 | D:1      | Reached XP level 1. HP: 13/13 MP: 3/3
    96 | D:1      | Gained mutation: You have a small tail. [demonic ancestry]
    96 | D:1      | Reached XP level 2. HP: 17/19 MP: 0/5
   126 | D:$      | Got out of the dungeon alive.

Illustrated notes

Levels and vault maps discovered:
D:1:      minmay_arrival_jagged, layout_rooms, minmay_pentomino_t4

Action                     || total
---------------------------++-------
  Melee: Dagger            ||     7
   Cast: Necrotise         ||     7
 Armour: Robe              ||     3
  Dodge: Dodged            ||     5

Table legend: (Time is in decaauts)
 A = Elapsed time spent in this place.
 B = Non-inter-level travel time spent in this place.
 C = Inter-level travel time spent in this place.
 D = Time resting spent in this place.
 E = Time spent auto-exploring this place.
 F = Levels seen in this place.
 G = Mean time per level.
                   A        B        C        D        E       F      G
               +--------+--------+--------+--------+--------+-----+--------+
         Total |    125 |     96 |     29 |      0 |     58 |   1 |  125.0 |
       Dungeon |    125 |     96 |     29 |      0 |     58 |   1 |  125.0 |
               +--------+--------+--------+--------+--------+-----+--------+

Top non-repeatable levels by time:
     D:1: 125 daAuts
